 Dungeon Crawl Stone Soup version 0.29.0-13-gc9e81de378 (webtiles) character file.

Game seed: 13734362029469574852

114 rogsnak the Gusty (level 4, -7/24 HPs)
             Began as a Tengu Air Elementalist on Sept 8, 2022.
             Mangled by an ice beast (14 damage)
             ... on level 3 of the Dungeon.
             The game lasted 00:06:44 (3715 turns).

rogsnak the Gusty (Tengu Air Elementalist)          Turns: 3715, Time: 00:06:44

Health: -7/24      AC:  2    Str:  9    XL:     4   Next: 98%
Magic:  9/9        EV: 12    Int: 17    God:
Gold:   139        SH:  0    Dex: 14    Spells: 8/9 levels left

rFire   + . .      SeeInvis .   m - +6 long sword of Karma {speed, rF+ Stlth+}
rCold   . . .      Faith    .   (no shield)
rNeg    . . .      Spirit   .   a - +0 robe
rPois   .          Reflect  .   (helmet restricted)
rElec   .          Harm     .   (no cloak)
rCorr   .          Rampage  .   (no gloves)
Will    .....                   (boots unavailable)
Stlth   +++.......              (no amulet)
HPRegen 0.08/turn               (no ring)
MPRegen 0.11/turn               (no ring)

@: no status effects
A: beak, talons 3
a: no special abilities


You were on level 3 of the Dungeon.
You visited 1 branch of the dungeon, and saw 3 of its levels.

You collected 139 gold pieces.

Inventory:

Hand Weapons
 d - a +0 short sword
 m - the +6 long sword of Karma (weapon) {speed, rF+ Stlth+}
   (You found it on level 3 of the Dungeon)

   Attacks with this weapon are significantly faster.
   rF:        It protects you from fire.
   Stlth:     It makes you more stealthy.
Missiles
 e - 30 stones
Armour
 a - a +0 robe (worn)
 f - a +0 buckler
Scrolls
 g - 2 scrolls of fog {unknown}
 h - 3 scrolls of identify {unknown}
 k - a scroll of enchant weapon {unknown}
 l - a scroll of acquirement {unknown}
 n - a scroll of enchant armour {unknown}
Potions
 b - a potion of magic
 c - 3 potions of curing {unknown}
 i - a potion of ambrosia {unknown}
 j - a potion of flight {unknown}


   Skills:
 + Level 2.3 Dodging
 - Level 2.0 Stealth
 + Level 3.0 Spellcasting
 * Level 4.1 Conjurations
 + Level 4.9 Air Magic


You had 8 spell levels left.
You knew the following spells:

 Your Spells              Type           Power      Damage    Failure   Level
a - Shock                 Conj/Air       72%        1d7       2%          1

Your spell library contained the following spells:

 Spells                   Type           Power      Damage    Failure   Level
 Static Discharge         Conj/Air       18%        3-6/arc   4%          2
 Swiftness                Air            19%        N/A       7%          3
 Sandblast                Erth           4%         2d4       17%         1
 Summon Small Mammal      Summ           8%         N/A       17%         1
 Conjure Flame            Conj/Fire      9%         6-21      22%         3
 Stone Arrow              Conj/Erth      18%        3d8       22%         3
 Airstrike                Air            9%         2d(2-18)  22%         4
 Passwall                 Tmut/Erth      1%         N/A       26%         2
 Call Canine Familiar     Summ           2%         N/A       45%         3
 Ignite Poison            Fire/Tmut/Pois 2%         N/A       45%         3
 Summon Guardian Golem    Hex/Summ       2%         N/A       45%         3
 Sticky Flame             Conj/Fire      9%         2d3       58%         4


Dungeon Overview and Level Annotations

Branches:
Dungeon (3/15)

Altars:


Innate Abilities, Weirdness & Mutations

You have a beak for a mouth.
You have claws for feet.


Message History

Confirm with . or Enter, or press ? or * to list all spells.
Aiming: Shock (safe; 2% risk of failure)
Press: ? - help, Shift-Dir - straight line, f/p - rat
Aim: a rat (asleep, 100% to hit)
The zap hits the rat.
You kill the rat!
You now have 130 gold pieces (gained 5).
Your magical contamination has completely faded away.
n - a scroll labelled ROJAOL MEELEI You see here a +0 leather armour.
There is an open door here.
A frilled lizard comes into view.
Casting: Shock (safe; 2% risk of failure)
Confirm with . or Enter, or press ? or * to list all spells.
Aiming: Shock (safe; 2% risk of failure)
Press: ? - help, Shift-Dir - straight line, f - frilled lizard
Aim: a frilled lizard (asleep, 100% to hit)
The zap hits the frilled lizard.
You kill the frilled lizard!
Casting: Shock (safe; 2% risk of failure)
Confirm with . or Enter, or press ? or * to list all spells.
You can't see any susceptible monsters within range! (Use Z to cast anyway.) Unknown command.
Found 9 gold pieces and a notched diamond ring.
Found a mace.
You now have 139 gold pieces (gained 9).
You aren't carrying any pieces of jewellery.
Unknown command.
The ice beast attacks as you move away!
The ice beast hits you but does no damage.
Found 7 gold pieces.
A goblin comes into view. It is wielding a +0 dagger.
The ice beast attacks as you move away! The ice beast hits you.
The ice beast freezes you! The ice beast attacks as you move away!
The ice beast closely misses you. The ice beast attacks as you move away!
The ice beast hits you.
* * * LOW HITPOINT WARNING * * *
The ice beast freezes you!
Ouch! That really hurt!
You die...

#.......# #.#
#.......# #.#
####.#.## ###...#
#..g### .# #.#.# .#
#.#.# #.# #.#Y##
#.# #...@# #.#
###..# #.#
#..#####.#
#........#
##.####..##########
#.# #.>........Y.
#.# #.###########
#.# #.# #. #.#


You could see an ice beast and a goblin.

Vanquished Creatures
  4 adders
  A worm (D:2)
  2 dart slugs (D:2)
  An orc (D:3)
  5 ball pythons
  6 endoplasms
  3 giant cockroaches (D:1)
  4 goblins
  11 hobgoblins
  7 jackals
  3 quokkas
  2 bats
  4 frilled lizards
  5 kobolds
  8 rats
66 creatures vanquished.

Notes
Turn   | Place    | Note
-------+----------+-------------------------------------------
     0 | D:1      | rogsnak the Tengu Air Elementalist began the quest for the
                  | Orb.
     0 | D:1      | Reached XP level 1. HP: 10/10 MP: 4/4
   250 | D:1      | Reached XP level 2. HP: 6/15 MP: 1/6
  1009 | D:1      | Reached XP level 3. HP: 19/19 MP: 5/7
  1962 | D:2      | Reached XP level 4. HP: 20/24 MP: 5/9
  2261 | D:2      | Found a faded altar of an unknown god.
  3448 | D:3      | Noticed an ice beast
  3599 | D:3      | Identified the +6 long sword of Karma {speed, rF+ Stlth+}
  3715 | D:3      | Mangled by an ice beast

Illustrated notes

Levels and vault maps discovered:
D:1:      ncdulo_lavacross, layout_loops_ring
D:2:      layout_loops_ring, hellmonk_ecumenical_altar_crossroads,
          roderic_serpentine_path, wad_floor_pattern_1, minmay_parallelograms,
          kennysheep_pointless_box
D:3:      layout_loops_ring, grunt_temple_overflow_cloverleaf,
          kennysheep_generic_room_16

Skill      XL: |  1  2  3  4 |
---------------+-------------+-----
Conjurations   | 2 3 4 |  4.1
Spellcasting   | 3 |  3.0
Dodging        | |  2.3
Stealth        | |  2.0
Air Magic      | |  4.9

Action                   |  1- 3 |  4- 6 || total
-------------------------+-------+-------++-------
Melee: Kick              |     4 |       ||     4
       Unarmed           |     2 |       ||     2
       Short sword       |     6 |     1 ||     7
       Peck              |     1 |       ||     1
 Cast: Shock             |    79 |    51 ||   130
 Stab: Sleeping          |     1 |       ||     1
Armor: Robe              |     3 |     2 ||     5
Dodge: Dodged            |    24 |     4 ||    28
